 Dungeon Crawl Stone Soup version 0.29.0-11-gd7f09526c8 (webtiles) character file.

Game seed: 16145639839703167002

42 Spectrina the Sneak (level 3, -8/22 HPs)
             Began as a Deep Elf Monk on Sept 5, 2022.
             Killed from afar by an orc wizard (9 damage)
             ... with a magic dart
             ... on level 3 of the Dungeon.
             The game lasted 00:04:19 (695 turns).

Spectrina the Sneak (Deep Elf Monk)                  Turns: 695, Time: 00:04:19

Health: -8/22      AC:  3    Str:  8    XL:     3   Next: 35%
Magic:  5/5        EV: 14    Int: 16    God:
Gold:   87         SH:  0    Dex: 23    Spells: 2/2 levels left

rFire   . . .      SeeInvis .   j - +1 dagger (drain)
rCold   . . .      Faith    .   (no shield)
rNeg    . . .      Spirit   .   b - +0 robe
rPois   .          Reflect  .   (no helmet)
rElec   .          Harm     .   k - +0 cloak
rCorr   .          Rampage  .   (no gloves)
Will    .....                   (no boots)
Stlth   +++.......              (no amulet)
HPRegen 0.07/turn               i - +6 ring of dexterity
MPRegen 0.09/turn               (no ring)

@: no status effects
A: no striking features
a: no special abilities


You were on level 3 of the Dungeon.
You visited 1 branch of the dungeon, and saw 5 of its levels.

You collected 87 gold pieces.

Inventory:

Hand Weapons
 a - a +0 short sword
 g - a +0 dagger
 j - a +1 dagger of draining (weapon)
 o - the +12 spear of Ridub {drain, *Slow rElec rF+ rN+}
   (You found it on level 4 of the Dungeon)

   A truly terrible weapon, it drains the life of any living foe it strikes.
   rF:        It protects you from fire.
   rElec:     It insulates you from electricity.
   rN:        It protects you from negative energy.
   *Slow:     It may slow you when you take damage.
Armour
 b - a +0 robe (worn)
 k - a +0 cloak (worn)
Jewellery
 i - a +6 ring of dexterity (left hand)
Scrolls
 c - a scroll of torment {unknown}
 d - 2 scrolls of noise {unknown}
 e - a scroll of identify
 f - a scroll of acquirement {unknown}
 n - a scroll of silence {unknown}
Potions
 h - a potion of haste {unknown}
 m - a potion of degeneration {unknown}


   Skills:
 - Level 2.4 Fighting
 - Level 3.0 Short Blades
 - Level 3.6 Dodging
 + Level 5.0 Stealth


You had 2 spell levels left.
You didn't know any spells.
Your spell library contained the following spells:

 Spells                   Type           Power      Damage    Failure   Level
 Blade Hands              Tmut           0%         N/A       100%        5
 Irradiate                Conj/Tmut      0%         3d11      100%        5
 Dragon Form              Tmut           0%         N/A       100%        7


Dungeon Overview and Level Annotations

Branches:
Dungeon (5/15)
 Temple: D:4-7

Altars:
Gozag


Message History

You kill the rat!
Your Stealth skill increases to level 5!
You see here a rat corpse.
c - a scroll labelled IHOBOTZ HAXO An endoplasm comes into view.
The endoplasm quivers.
The endoplasm freezes you.
You are frozen.
You hit the endoplasm.
The endoplasm is almost dead.
The endoplasm freezes you.
You are frozen.
You hit the endoplasm.
You kill the endoplasm! 2 orc wizards and an orc come into view.
An orc wizard is wielding a +0 dagger of distortion.
An orc comes into view. It is wielding a +0 trident.
The orc wizard shouts!
Unknown command.
Unknown command.
The orc wizard closely misses you.
The orc shouts!
You hit the orc wizard but do no damage.
The orc wizard hits you with a +0 dagger.
You hit the orc wizard but do no damage.
You drain the orc wizard.
The orc wizard is lightly wounded.
You miss the orc wizard.
The orc wizard is lightly wounded.
You closely miss the orc wizard.
You hit the orc wizard but do no damage.
The orc wizard points at you and mumbles some strange words.
The magic dart hits you!
* * * LOW HITPOINT WARNING * * *
You barely miss the orc wizard. The orc wizard barely misses you.
You hit the orc wizard. You drain the orc wizard.
The orc wizard is severely wounded.
The orc wizard gestures at you while chanting.
The magic dart hits you!
You die...

#.# #.# #.# #o#
#o# #o# #o# #@#
#.# #.# ##
############.#
.##.#............#
.##.#.############
.##.#.# .##.#.#
.##.#.#


You could see 2 orc wizards and 2 orcs.

Vanquished Creatures
  An adder (D:2)
  3 orcs (D:4)
  7 ball pythons
  6 endoplasms
  3 goblins (D:1)
  A hobgoblin (D:1)
  A bat (D:1)
  A frilled lizard (D:1)
  A kobold (D:3)
  4 rats
28 creatures vanquished.

Notes
Turn   | Place    | Note
-------+----------+-------------------------------------------
     0 | D:1      | Spectrina the Deep Elf Monk began the quest for the Orb.
     0 | D:1      | Reached XP level 1. HP: 13/13 MP: 3/3
    67 | D:2      | Reached skill level 3 in Stealth
    67 | D:2      | Reached XP level 2. HP: 11/18 MP: 4/4
   128 | D:1      | Reached skill level 4 in Stealth
   437 | D:2      | Reached XP level 3. HP: 10/22 MP: 5/5
   526 | D:5      | Entered Level 5 of the Dungeon
   545 | D:4      | Identified the +12 spear of Ridub {drain, *Slow rElec rF+
                  | rN+}
   573 | D:4      | Found an opulent altar of Gozag.
   610 | D:4      | HP: 1/22 [dart slug/slug dart (3)]
   657 | D:3      | Reached skill level 5 in Stealth
   693 | D:3      | HP: 1/22 [orc wizard/magic dart (9)]
   695 | D:3      | Killed from afar by an orc wizard

Illustrated notes

Levels and vault maps discovered:
D:1:      dpeg_arrival_three_bigger_balls, layout_loops_cross
D:2:      layout_loops_ring, hellmonk_ecumenical_altar_zigzags,
          minmay_surrounded
D:3:      cheibrodos_old_hovel, layout_basic, okawaru_ov_weapons_minmay
D:4:      layout_basic, kennysheep_mini_moat, lemuel_temple_firewalk_b
D:5:      layout_basic, nicolae_wu_jian_immortal_techniques, serial_shops, shop,
          serial_rivers, chequers_serial_rivers_marsh,
          chequers_serial_rivers_micro_b, chequers_serial_rivers_micro_c,
          chequers_serial_rivers_micro_d, chequers_serial_rivers_room_a,
          chequers_serial_rivers_small_a

Skill      XL: |  1  2  3 |
---------------+----------+-----
Stealth        | 3 4 5 |  5.0
Fighting       | |  2.4
Short Blades   | |  3.0
Dodging        | |  3.6

Action                   || total
-------------------------++-------
Melee: Short sword       ||    25
       Dagger            ||    47
  Use: Potion            ||     2
       Scroll            ||     2
 Stab: Sleeping          ||     6
Armor: Robe              ||    11
Dodge: Dodged            ||    55
